 Dungeon Crawl Stone Soup version 0.29.1-14-g9c671dbff4 (webtiles) character file.

Game seed: 10218409844236666271

0 leafyfresh the Digger (level 1, 0/11 HPs)
             Began as an Octopode Earth Elementalist on Feb 20, 2023.
             Slain by a goblin
             ... wielding a +4 dagger of flaming
              (1 damage)
             ... on level 1 of the Dungeon.
             The game lasted 00:00:10 (95 turns).

leafyfresh the Digger (Octopode Earth Elementalist)   Turns: 95, Time: 00:00:12

Health: 0/11       AC:  1    Str:  7    XL:     1   Next: 10%
Magic:  3/3        EV: 13    Int: 17    God:
Gold:   25         SH:  0    Dex: 12    Spells: 3/4 levels left

rFire   . . .      SeeInvis .   (no weapon)
rCold   . . .      Faith    .   (no shield)
rNeg    . . .      Spirit   .   (helmet restricted)
rPois   .          Reflect  .   (no amulet)
rElec   .          Harm     .   (no ring)
rCorr   .          Rampage  .   (no ring)
Will    .....                   (no ring)
Stlth   +++.......              (no ring)
HPRegen 0.03/turn               (no ring)
MPRegen 0.08/turn               (no ring)
                                (no ring)
                                (no ring)

@: no status effects
A: almost no armour, amphibious, 8 rings, camouflage 1, gelatinous body 1,
(nimble swimmer 1), tentacles
a: no special abilities


You were on level 1 of the Dungeon.
You visited 1 branch of the dungeon, and saw 1 of its levels.

You collected 25 gold pieces.

Inventory:

Scrolls
 b - a scroll of enchant weapon {unknown}
Potions
 a - a potion of magic
 c - 2 potions of mutation {unknown}
 d - a potion of ambrosia {unknown}


   Skills:
 + Level 2.0 Dodging
 + Level 2.7 Stealth
 + Level 2.0 Spellcasting
 + Level 1.0 Transmutations
 + Level 3.0 Earth Magic


You had 3 spell levels left.
You knew the following spells:

 Your Spells              Type           Power      Damage    Failure   Level
a - Sandblast             Erth           22%        2d7       5%          1

Your spell library contained the following spells:

 Spells                   Type           Power      Damage    Failure   Level
 Passwall                 Tmut/Erth      6%         N/A       13%         2
 Stone Arrow              Conj/Erth      12%        3d7       30%         3
 Petrify                  Tmut/Erth      8%         N/A       63%         4


Dungeon Overview and Level Annotations

Branches:
Dungeon (1/15)

Altars:


Innate Abilities, Weirdness & Mutations

You cannot wear most types of armour.
You are amphibious.
You can wear up to eight rings at the same time.
Your skin changes colour to match your surroundings (Stealth+).
Your rubbery body absorbs attacks. (AC +1, EV +1)
((You are camouflaged when in or above water. (Stealth+)))
You have tentacles for arms and can constrict up to eight enemies at once.


Message History

The frilled lizard barely misses you.
A frilled lizard is nearby!
You tentacle-slap the frilled lizard.
You kill the frilled lizard!
HP restored.
You now have 20 gold pieces (gained 14).
Found a stone staircase leading down.
No target in view!
You now have 25 gold pieces (gained 5).
A goblin comes into view. It is wielding a +4 dagger of flaming.
Found 16 gold pieces.
A goblin is nearby!
Found a stone staircase leading down.
A goblin is nearby!
A goblin is nearby!
The goblin shouts!
A bat comes into view.
The bat moves out of view.
A goblin is nearby!
The goblin hits you with a +4 dagger of flaming.
The goblin burns you.
You closely miss the goblin. Your grab misses the goblin.
The bat barely misses you.
The goblin hits you with a +4 dagger of flaming.
The goblin burns you.
There are monsters nearby!
You are too injured to fight recklessly!
There are monsters nearby!
You are too injured to fight recklessly!
There are monsters nearby!
You are too injured to fight recklessly!
There are monsters nearby!
Unknown command.
You miss the goblin. Your grab misses the goblin. The bat closely misses you.
The bat hits you but does no damage. The bat hits you.
* * * LOW HITPOINT WARNING * * *
The goblin hits you with a +4 dagger of flaming.
* * * LOW HITPOINT WARNING * * *
The goblin burns you.
You die...

###.....####
#.....>.....###
#######.###..........
#$......###..........
#....................
#....................
#....................
#####.........####......
......g@....##....##....
##.###b....#........#...
#....#....).<...#..
#....#.......#..#..
#....#.....##..#...
#...#..$....[.#....
#...#..............
#...#..............
>....#?...?........


You could see a goblin and a bat.

Vanquished Creatures
  A frilled lizard (D:1)
1 creature vanquished.

Notes
Turn   | Place    | Note
-------+----------+-------------------------------------------
     0 | D:1      | leafyfresh the Octopode Earth Elementalist began the quest
                  | for the Orb.
     0 | D:1      | Reached XP level 1. HP: 11/11 MP: 3/3
    95 | D:1      | Slain by a goblin

Illustrated notes

Levels and vault maps discovered:
D:1:      dpeg_arrival_solitude, layout_rooms, minmay_misc_feat_nine_boxes

Action                   || total
-------------------------++-------
Melee: Unarmed           ||     5
Armor: Skin              ||     1
Dodge: Dodged            ||     4
